AoeStats
← Lagarto

Arabia

510316851Analyzed
1v1 RM · 19h ago on Sep 30, 2026· 53m 42s· 2 players
Game mode
Random Map
Map size
Tiny (2 player)
Population
200
Speed
Normal
Resources
Standard
Victory
Conquest
Starting age
Dark Age
Ending age
Imperial Age
RankedLock teamsTeams togetherTeam positionsShared explorationLock speedFull tech treeHidden civsTurbo modeCheats
Victory
Defeat
🇫🇷 Mongols · France
537
+16
🇪🇸 Huns · Spain
529
-16
Lagarto
11:31 Feudal Age
12:19 Horse Collar
13:23 Wheelbarrow
16:16 Double-Bit Axe
16:19 Town Watch
22:40 Castle Age
21:32 Gold Mining
25:20 Heavy Plow
25:54 Stone Mining
27:08 Hand Cart
27:30 Bow Saw
30:18 Husbandry
32:15 Bloodlines
37:23 Imperial Age
39:18 Gold Shaft Mining
40:27 Cavalier
43:23 Man-at-Arms
44:04 Squires
44:12 Long Swordsman
45:07 Two-Handed Swordsman
yannklein1
7:30 Loom
12:08 Feudal Age
13:15 Stone Mining
14:05 Wheelbarrow
14:04 Double-Bit Axe
14:02 Horse Collar
16:33 Forging
22:06 Castle Age
22:34 Scale Barding Armor
22:59 Squires
23:55 Hand Cart
25:36 Heavy Plow
25:50 Bow Saw
26:18 Stone Shaft Mining
26:15 Town Watch
27:53 Thumb Ring
29:03 Town Patrol
29:31 Gold Mining
30:30 Pikeman
33:27 Iron Casting
32:43 Fletching
33:00 Scale Mail Armor
34:43 Ballistics
34:23 Murder Holes
38:31 Gold Shaft Mining
39:44 Nomads
44:54 Imperial Age
45:03 Masonry
45:15 Ballistics
45:40 Fletching
46:51 Blast Furnace
46:07 Chain Mail Armor
48:03 Chemistry
47:12 Siege Engineers
47:04 Bodkin Arrow
48:01 Drill
48:03 Conscription
48:07 Bracer
48:08 Padded Archer Armor
52:10 Parthian Tactics
51:05 Heavy Cavalry Archer
53:02 Leather Archer Armor
53:35 Plate Mail Armor
53:28 Chain Barding Armor
Connection lost

Rejoining the realm…

Still unreachable

The connection could not be restored.

Session expired

The server has moved on; the page needs a fresh start.